 Dungeon Crawl Stone Soup version 0.25-a0-458-g6fc7858b95 (webtiles) character file.

Game seed: 13944574517432676240, levelgen mode: deterministic

23460 Nemeron the Grappler (level 12, 0/127 HPs)
             Began as a Troll Monk on Feb 1, 2020.
             Was a High Priest of Okawaru.
             Slain by a five-headed hydra (3 damage)
             ... on level 2 of the Lair of Beasts.
             The game lasted 00:56:59 (12571 turns).

Nemeron the Grappler (Troll Monk)                  Turns: 12571, Time: 00:56:59

Health: 0/127      AC: 11    Str: 32    XL:     12   Next: 72%
Magic:  11/11      EV: 10    Int:  8    God:    Okawaru [*****.]
Gold:   889        SH:  0    Dex: 12    Spells: 11/11 levels left

rFire    . . .     SeeInvis .   B - +0 giant spiked club
rCold    . . .     Gourm    +   (shield currently unavailable)
rNeg     . . .     Faith    .   H - +1 troll leather armour
rPois    +         Spirit   .   Q - +1 hat of Indemnity {*Contam rElec rCorr Str+4}
rElec    +         Reflect  .   (no cloak)
rCorr    +         Harm     .   (gloves unavailable)
MR       +....                  (boots unavailable)
Stlth    +.........             (no amulet)
HPRegen  1.11/turn              m - ring of poison resistance
MPRegen  0.12/turn              y - ring of the Trilobite {MR+ Str+4}

@: no status effects
A: large, unfitting armour, claws 3, fast metabolism 3, gourmand, regeneration
1, shaggy fur 1, tough skin 3
a: Heroism, Finesse, Renounce Religion


You were on level 2 of the Lair of Beasts.
You worshipped Okawaru.
Okawaru was extremely pleased with you.
You were full.

You visited 3 branches of the dungeon, and saw 14 of its levels.

You collected 889 gold pieces.

Inventory:

Hand Weapons
 B - a +0 giant spiked club (weapon)
Armour
 H - a +1 troll leather armour (worn)
 I - a +0 hat of magic resistance
 M - a +1 robe of cold resistance
 Q - the +1 hat of Indemnity (worn) {*Contam rElec rCorr Str+4}
   (Okawaru gifted it to you on level 2 of the Lair of Beasts)

   It affects your strength (+4).
   It insulates you from electricity.
   It causes magical contamination when unequipped.
   It provides partial protection from all sources of acid and corrosion.
   If you remove this armour, your AC will fall 1 point (11 -> 10)
Jewellery
 g - an uncursed ring of flight
 m - a ring of poison resistance (left claw)
 y - the ring of the Trilobite (right claw) {MR+ Str+4}
   (You found it on level 6 of the Dungeon)

   [ring of protection from magic]

   It affects your strength (+4).
   It affects your resistance to hostile enchantments.
 E - a +4 ring of intelligence
Wands
 s - a wand of iceblast (13)
 w - a wand of digging (5)
 z - a wand of flame (24)
 K - a wand of enslavement (10)
 L - a wand of disintegration (15)
 N - a wand of polymorph (3)
Scrolls
 a - a scroll of summoning {unknown}
 c - 8 scrolls of remove curse
 e - 7 scrolls of identify
 f - 4 scrolls of amnesia
 j - 2 scrolls of fear
 k - a scroll of noise {unknown}
 l - 4 scrolls of teleportation
 o - 2 scrolls of magic mapping {unknown}
 p - a scroll of fog
 v - 2 scrolls of blinking
 x - 6 scrolls of enchant armour
 C - 2 scrolls of enchant weapon
 F - a scroll of brand weapon {unknown}
Potions
 d - 8 potions of curing
 h - a potion of lignification
 i - a potion of flight
 n - 2 potions of brilliance
 q - a potion of haste
 r - 2 potions of berserk rage
 t - 2 potions of invisibility
 u - 3 potions of heal wounds
 A - a potion of cancellation {unknown}
 D - a potion of agility {unknown}
Miscellaneous
 G - a lamp of fire
 P - a phial of floods
Comestibles
 b - 32 rations


   Skills:
 + Level 10.5 Fighting
 * Level 9.1 Armour
 - Level 3.0 Dodging
 - Level 1.0 Stealth
 - Level 14.0 Unarmed Combat


You had 11 spell levels left.
You didn't know any spells.
Your spell library was empty.

Dungeon Overview and Level Annotations

Branches:
Dungeon (11/15)            Temple (1/1) D:5            Lair (2/6) D:9
  Snake (0/4) Lair:2
  Swamp: Lair:2-4    Shoals: Lair:2-4       Orc: D:9-12

Altars:
Cheibriados
Dithmenos
Elyvilon
Fedhas
Gozag
Kikubaaqudgha
Makhleb
Nemelex Xobeh
Okawaru
Qazlal
Uskayaw
Vehumet
Wu Jian
Xom
The Shining One

Shops:
D:8 ?

Annotations:
Lair:1 exclusion: 2 oklob plants
Lair:2 exclusion: 2 oklob plants


Innate Abilities, Weirdness & Mutations

You are too large for most types of armour.
You have claws for hands.
Your metabolism is lightning-fast.
You like to eat raw meat.
Your natural rate of healing is unusually fast.
You are covered in fur. (AC +1)
You have extremely tough skin. (AC +3)


Message History

The five-headed hydra bites you!
The five-headed hydra bites you but does no damage.
The five-headed hydra bites you!
* * * LOW HITPOINT WARNING * * *
The five-headed hydra bites you!
* * * LOW HITPOINT WARNING * * *
The five-headed hydra bites you.
* * * LOW HITPOINT WARNING * * *
The five-headed hydra barely misses you.
The five-headed hydra bites you.
* * * LOW HITPOINT WARNING * * *
You hit the five-headed hydra.
The five-headed hydra is severely wounded.
The five-headed hydra bites you but does no damage.
The five-headed hydra bites you!
* * * LOW HITPOINT WARNING * * *
The five-headed hydra bites you!
* * * LOW HITPOINT WARNING * * *
The five-headed hydra bites you.
You die...

..###≈≈...<≈≈# #.................
..####≈≈≈≈≈≈≈##..#######.##.##...
...####≈≈≈≈≈###..#.. ..#.#....###
..#.##########...#.#+#.#..##.#...
.......### #....#.#/#.#.####...#
.........# #...#.###.#..###.##.
........## #P.#.....#...####.#
.........# ##.###'###.###.....
........## #P@Dk..=...#..#....
...#....P######..#.###.##.##.#..#
..........P...##..#.##...#..#.#..
...#.............####..#####(#.##
....###..........#..#.#....#.)#..
............#.#..##.#..##.##...##
...........#.............#####...
...........P.....#######.#.#.#.##
##.#.P..)........#.....#.#..##.#


You could see a five-headed hydra and a rime drake.

Vanquished Creatures
  Fannar (D:11)
  Josephine (D:11)
  Harold (D:11)
  A two-headed ogre (D:11)
  2 unseen horrors (D:11)
  A swamp dragon (shapeshifter) (D:10)
  A manticore (D:11)
  Joseph (D:7)
  2 black mambas (Lair:2)
  2 spiny frogs (Lair:2)
  6 komodo dragons
  4 trolls
  A hornet (D:10)
  Prince Ribbit (D:8)
  13 blink frogs
  4 hippogriffs
  4 wraiths (D:11)
  A hungry ghost (D:10)
  3 wyverns
  10 yaks
  4 nagas (Lair:2)
  A soldier ant (D:10)
  4 water moccasins
  5 porcupines
  5 orc warriors
  6 ice beasts
  An eye of draining (D:7)
  4 sky beasts
  2 black bears
  A necrophage (D:6)
  2 ogres
  7 centaurs
  11 wolves
  5 crocodiles
  3 big kobolds (D:10)
  10 bullfrogs
  A gnoll sergeant (D:10)
  A water moccasin zombie (D:6)
  A water moccasin skeleton (D:8)
  4 scorpions
  8 killer bees
  5 howler monkeys
  2 centaur zombies
  6 crimson imps
  A bullfrog zombie (D:11)
  7 hounds
  5 orc priests
  3 centaur skeletons (D:10)
  3 jellies
  6 orc wizards
  2 iguanas (D:9)
  11 worker ants
  A hound zombie (D:7)
  15 adders
  2 howler monkey skeletons
  2 shadow imps
  An ooze (D:5)
  An adder skeleton (D:4)
  A worm (D:2)
  2 dart slugs
  7 leopard geckos
  42 orcs
  3 ball pythons
  6 giant cockroaches
  8 goblins
  8 hobgoblins
  13 jackals
  14 kobolds
  3 quokkas
  10 bats
  8 frilled lizards
  A leopard gecko zombie (D:8)
  A quokka skeleton (D:7)
  A quokka zombie (D:6)
  6 rats
  2 fungi (Lair:2)
  4 plants (Lair:2)
359 creatures vanquished.

Vanquished Creatures (others)
  2 fungi (Lair:2)
  7 plants
9 creatures vanquished.

Grand Total: 368 creatures vanquished

Notes
Turn   | Place    | Note
-------+----------+-------------------------------------------
     0 | D:1      | Nemeron the Troll Monk began the quest for the Orb.
     0 | D:1      | Reached XP level 1. HP: 22/22 MP: 0/0
    71 | D:1      | Reached XP level 2. HP: 26/29 MP: 1/1
   245 | D:1      | Reached XP level 3. HP: 36/36 MP: 2/2
  1065 | D:2      | Reached XP level 4. HP: 43/44 MP: 3/3
  1229 | D:2      | Reached skill level 4 in Unarmed Combat
  1912 | D:3      | Found an opulent altar of Gozag.
  1974 | D:3      | Reached XP level 5. HP: 14/53 MP: 4/4
  2527 | D:4      | Found a stormy altar of Qazlal.
  2577 | D:4      | Reached skill level 5 in Unarmed Combat
  2762 | D:4      | Reached XP level 6. HP: 60/61 MP: 5/5
  2770 | D:4      | Noticed an ice beast
  2778 | D:4      | Killed an ice beast
  2804 | D:4      | Reached skill level 6 in Unarmed Combat
  2968 | D:5      | Entered Level 5 of the Dungeon
  3151 | D:5      | Found a staircase to the Ecumenical Temple.
  3168 | Temple   | Entered the Ecumenical Temple
  3183 | Temple   | Became a worshipper of Warmaster Okawaru
  3183 | Temple   | Reached * piety under Okawaru
  3183 | Temple   | Reached ** piety under Okawaru
  3437 | D:5      | Reached XP level 7. HP: 70/70 MP: 6/6
  3625 | D:5      | Reached skill level 7 in Unarmed Combat
  3978 | D:6      | Reached skill level 5 in Fighting
  3978 | D:6      | Reached skill level 8 in Unarmed Combat
  3978 | D:6      | Reached XP level 8. HP: 78/80 MP: 7/7
  4020 | D:6      | Reached *** piety under Okawaru
  4169 | D:6      | Got a fine marble ring
  4174 | D:6      | Identified the ring of the Trilobite {MR+ Str+4} (You found
                  | it on level 6 of the Dungeon)
  4359 | D:7      | Noticed Joseph
  4380 | D:7      | Killed Joseph
  4380 | D:7      | Reached skill level 9 in Unarmed Combat
  4398 | D:7      | Reached **** piety under Okawaru
  4603 | D:7      | Reached XP level 9. HP: 48/89 MP: 8/8
  4607 | D:7      | Reached skill level 10 in Unarmed Combat
  4875 | D:7      | Got a colourful robe
  4893 | D:6      | Identified the +2 robe of Going Fast {MR- Int+8} (You found
                  | it on level 7 of the Dungeon)
  5291 | D:8      | Found Wugaileile's Magic Scroll Shoppe.
  5976 | D:8      | Reached skill level 11 in Unarmed Combat
  6044 | D:8      | Found a glowing golden altar of the Shining One.
  6059 | D:8      | Noticed Prince Ribbit
  6075 | D:8      | Killed Prince Ribbit
  6629 | D:9      | Noticed a troll
  6638 | D:9      | Killed a troll
  6646 | D:9      | Reached XP level 10. HP: 62/102 MP: 7/9
  6675 | D:9      | Found a staircase to the Lair.
  6742 | D:9      | Reached ***** piety under Okawaru
  6742 | D:9      | Reached skill level 12 in Unarmed Combat
  7177 | D:10     | Entered Level 10 of the Dungeon
  7217 | D:10     | Received a gift from Okawaru
  7388 | D:10     | Noticed a cyclops
  7396 | D:10     | Noticed a swamp dragon
  7396 | D:10     | a cyclops changed into a swamp dragon
  7400 | D:10     | Killed a swamp dragon
  7426 | D:10     | Reached skill level 13 in Unarmed Combat
  7655 | D:10     | Reached skill level 1 in Armour
  7757 | D:10     | Received a gift from Okawaru
  8343 | D:11     | Killed an unseen horror
  8343 | D:11     | Reached XP level 11. HP: 92/113 MP: 10/10
  8402 | D:11     | Killed an unseen horror
  8625 | D:11     | Noticed Josephine
  8633 | D:11     | Killed Josephine
  8910 | D:11     | Noticed Fannar
  8920 | D:11     | Killed Fannar
  8920 | D:11     | Reached skill level 14 in Unarmed Combat
  9159 | D:11     | Noticed a two-headed ogre
  9162 | D:11     | Noticed Harold
  9174 | D:11     | Killed Harold
  9174 | D:11     | Reached skill level 5 in Armour
  9405 | D:11     | Killed a two-headed ogre
  9405 | D:11     | Received a gift from Okawaru
  9408 | D:11     | Got a thick robe {god gift}
  9465 | D:11     | Identified the +0 robe of the Sky {rN+ Stlth+} (Okawaru
                  | gifted it to you on level 11 of the Dungeon)
  9686 | Lair:1   | Entered Level 1 of the Lair of Beasts
 10385 | Lair:1   | Reached XP level 12. HP: 76/124 MP: 11/11
 11454 | Lair:2   | Reached skill level 10 in Fighting
 11597 | Lair:2   | Noticed a five-headed hydra
 11706 | Lair:2   | Received a gift from Okawaru
 11765 | Lair:2   | Got a heavily runed hat {god gift}
 11859 | Lair:2   | Identified the +1 hat of Indemnity {*Contam rElec rCorr
                  | Str+4} (Okawaru gifted it to you on level 2 of the Lair of
                  | Beasts)
 11987 | Lair:2   | Found a staircase to the Snake Pit.
 12571 | Lair:2   | HP: 3/127 [five-headed hydra (13)]
 12571 | Lair:2   | Slain by a five-headed hydra

Levels and vault maps discovered:
D:1:      dpeg_arrival_stone_temple_mockup, layout_rooms, minivault_14
D:2:      mumra_celtic_spiral_tile, layout_loops_corners,
          kennysheep_generic_room_16
D:3:      layout_basic, grunt_gozag_breadcrumbs
D:4:      minmay_chambers_of_twos, layout_rooms, first_ration,
          nicolae_qazlal_eye_of_the_storm
D:5:      layout_gridville, temple_pool_b, serial_bayou_pond_d
D:6:      layout_loops_cross
D:7:      layout_basic, uniq_joseph
D:8:      layout_basic, tso_oasis_becter, serial_shops, nicolae_shop_stone,
          uniq_prince_ribbit1
D:9:      layout_basic, david_lair_shrubbed
D:10:     layout_loops_ring, blue_anna_alchemist [blue_anna_fruit_fields,
          blue_anna_fruit_fields], nzn_random_ring
D:11:     layout_irregular_city, uniq_josephine, uniq_fannar, uniq_harold
Temple:   grunt_wide_crystal_templ
Lair:1:   layout_cave_pods, minmay_lair_oklob_chamber
Lair:2:   dpeg_oklob_gauntlet, layout_chaotic_city,
          minmay_snake_entry_guardpost_small, fungi_pond_lemuel,
          cheibrodos_lair_caveside_slide, minmay_shattered_shrine

Skill      XL: |  1  2  3  4  5  6  7  8  9 10 11 12 |
---------------+-------------------------------------+-----
Dodging        | 3 |  3.0
Fighting       | 3 4 5 6 7 8 9 10 | 10.5
Unarmed Combat | 4 5 6 8 9 11 13 14 | 14.0
Armour         | 2 6 9 |  9.1
Stealth        | |  1.0

Action                   |  1- 3 |  4- 6 |  7- 9 | 10-12 || total
-------------------------+-------+-------+-------+-------++-------
Melee: Unarmed           |   110 |   145 |   349 |   500 ||  1104
       Punch             |     1 |     1 |     8 |    49 ||    59
       Giant spiked club |       |       |       |     4 ||     4
Invok: Heroism           |       |       |     1 |     2 ||     3
Evoke: Wand              |       |       |       |     4 ||     4
  Use: Scroll            |       |     1 |     4 |     5 ||    10
       Potion            |       |       |     3 |     5 ||     8
 Stab: Sleeping          |     4 |     5 |     3 |     3 ||    15
       Distracted        |       |       |     2 |       ||     2
  Eat: Chunk             |    15 |    20 |    31 |    56 ||   122
Armor: Robe              |    32 |    51 |    86 |    23 ||   192
       Troll leather arm |       |       |       |   125 ||   125
Dodge: Dodged            |    54 |    73 |   147 |   204 ||   478

Table legend:
 A = Non-vault XP
 B = Vault XP
 C = Vault XP percentage of total XP
 D = Non-vault monster count
 E = Vault monster count
 F = Vault count percentage of total count
                 A         B        C        D         E       F
            +---------+---------+-------+---------+---------+-------
      Total |   23068 |   10447 |  31.2 |     306 |      47 |  13.3
            +---------+---------+-------+---------+---------+-------
        D:1 |      52 |       0 |   0.0 |      30 |       0 |   0.0
        D:2 |      65 |       4 |   5.8 |      21 |       2 |   8.7
        D:3 |     120 |       0 |   0.0 |      21 |       0 |   0.0
        D:4 |     149 |     158 |  51.5 |      12 |       5 |  29.4
        D:5 |     541 |       0 |   0.0 |      14 |       0 |   0.0
        D:6 |     869 |       0 |   0.0 |      21 |       0 |   0.0
        D:7 |    1055 |     460 |  30.4 |      37 |       1 |   2.6
        D:8 |     880 |     277 |  23.9 |      22 |       1 |   4.3
        D:9 |    1528 |     383 |  20.0 |      17 |       1 |   5.6
       D:10 |    1528 |    2356 |  60.7 |      25 |      15 |  37.5
       D:11 |    5232 |    3912 |  42.8 |      31 |       7 |  18.4
     Lair:1 |    4762 |     646 |  11.9 |      22 |       5 |  18.5
     Lair:2 |    6287 |    2251 |  26.4 |      33 |      10 |  23.3
            +---------+---------+-------+---------+---------+-------
